Predators vs Blackhawks
(R1)
Created - October 23, 2024 at 21:47
Goals
|
Predators |
0 |
0 |
1 |
1 |
Blackhawks |
1 |
2 |
1 |
4 |
|
Shots
|
Predators |
8 |
5 |
11 |
24 |
Blackhawks |
11 |
8 |
18 |
37 |
|
1st period
1. Blackhawks , Timo Meier 1 (Mikko Rantanen 2, Derek Stepan 1) at 15:12
Penalties :
Alexander Ovechkin (Nas) for Tripping (Minor) at 9:28, Reilly Smith (Nas) for Slashing (Double Minor) at 17:21
2nd period
2. Blackhawks , Derek Stepan 2 (Antoine Roussel 2) at 6:51 (PP)
3. Blackhawks , Derek Stepan 3 (Antoine Roussel 3, Jakob Silfverberg 1) at 9:51 (PP)
Penalties :
Derek Stepan (Chi) for Tripping (Minor) at 2:27, Jaden Schwartz (Nas) for Hooking (Minor) at 6:47, John Moore (Nas) for High sticking (Minor) at 8:11, Justin Faulk (Nas) for Slashing (Minor) at 12:58
3rd period
4. Predators , Scott Laughton 1 (Travis Dermott 1, Alexander Ovechkin 1) at 2:00
5. Blackhawks , Adrian Kempe 2 (Erik Haula 2, Jakob Chychrun 2) at 5:35 (PP)
Penalties :
Claude Giroux (Nas) for Tripping (Minor) at 4:23, Jakob Silfverberg (Chi) for Interference (Minor) at 18:43
Goalie Stats
Andrei Vasilevskiy (Nas), 33 saves from 37 shots - (0.892), L, 0-2-0, 60:00 minutes
Ilya Samsonov (Chi), 23 saves from 24 shots - (0.958), W, 1-0-0, 60:00 minutes
Players Stats for Predators
Player Name G A P +/- PIM S H SB GA TA FO MP PP MP PK MP
------------------------------------------------------------------------------------
Alexander Ovechkin 0 1 1 1 2 1 0 0 0 0 0/0 11:34 1:29 0:59
Andreas Englund 0 0 0 0 0 1 0 0 0 0 0/0 15:22 0:00 4:17
Andy Miele 0 0 0 0 0 0 1 0 1 0 8/13 18:09 1:29 4:01
Claude Giroux 0 0 0 -1 2 4 1 3 2 0 7/11 23:30 1:46 6:01
Jack Eichel 0 0 0 -1 0 1 1 0 0 0 7/24 18:41 1:46 0:51
Jaden Schwartz 0 0 0 0 2 1 2 1 0 0 0/0 15:36 0:00 2:58
Joel Armia 0 0 0 0 0 1 0 0 0 0 1/1 8:22 0:00 0:00
John Moore 0 0 0 1 2 0 2 0 0 1 0/0 21:00 2:09 3:16
Justin Faulk 0 0 0 -1 2 3 2 4 0 2 0/0 26:07 1:06 5:47
Mark Pysyk 0 0 0 1 0 3 1 0 0 0 0/0 15:33 0:00 6:46
Markus Granlund 0 0 0 0 0 2 1 0 0 0 1/5 8:22 0:00 0:00
Mikael Granlund 0 0 0 -1 0 1 2 1 1 1 0/1 17:29 1:46 0:00
Morgan Rielly 0 0 0 0 0 0 0 4 0 1 0/0 11:24 0:00 0:11
Nicolas Kerdiles 0 0 0 0 0 1 1 2 0 0 0/0 8:47 0:00 0:10
Reilly Smith 0 0 0 0 4 1 0 0 0 0 0/0 14:08 1:29 0:00
Ryan Mcdonagh 0 0 0 -1 0 3 1 1 1 2 0/0 28:39 1:06 6:57
Scott Laughton 1 0 1 1 0 1 1 0 0 0 3/3 8:46 0:00 0:00
Travis Dermott 0 1 1 1 0 0 2 1 1 0 0/0 17:32 2:09 1:18
Players Stats for Blackhawks
Player Name G A P +/- PIM S H SB GA TA FO MP PP MP PK MP
------------------------------------------------------------------------------------
Adrian Kempe 1 0 1 0 0 1 5 0 0 0 0/0 16:33 5:29 0:58
Andrew Ladd 0 0 0 -1 0 3 1 0 0 0 0/0 8:41 0:00 0:00
Antoine Roussel 0 2 2 0 0 1 0 0 0 0 2/2 17:29 5:12 0:18
Derek Stepan 2 1 3 1 2 5 1 0 3 1 17/33 20:45 5:24 0:50
Erik Haula 0 1 1 0 0 2 3 0 0 2 3/9 19:33 5:29 1:35
Jakob Chychrun 0 1 1 0 0 1 0 0 0 0 0/0 15:39 3:57 0:00
Jakob Silfverberg 0 1 1 0 2 3 1 0 0 0 1/1 17:10 5:12 0:00
Joe Pavelski 0 0 0 -1 0 5 0 0 0 0 0/1 8:56 0:12 0:00
Mike Amadio 0 0 0 0 0 0 0 0 0 1 0/1 12:24 0:12 1:59
Mikko Rantanen 0 1 1 1 0 5 1 0 4 0 0/0 20:32 5:29 0:00
PK Subban 0 0 0 1 0 0 2 1 0 1 0/0 20:48 3:18 1:12
Radko Gudas 0 0 0 -1 0 1 3 1 0 0 0/0 20:46 1:32 2:03
Robert Hagg 0 0 0 0 0 3 1 0 0 0 0/0 12:06 0:00 0:00
Stefan Matteau 0 0 0 -1 0 3 1 0 0 0 5/5 9:42 0:00 0:50
Thomas Chabot 0 0 0 1 0 1 2 4 0 0 0/0 23:41 6:03 1:12
Timo Meier 1 0 1 1 0 3 2 1 0 0 1/2 15:03 0:00 0:00
Will Butcher 0 0 0 -1 0 0 0 1 0 1 0/0 27:00 6:56 2:03
William Karlsson 0 0 0 0 0 0 0 0 0 0 2/4 9:55 0:00 0:00
3 Stars
1 - Derek Stepan (Chi)
2 - Adrian Kempe (Chi)
3 - Timo Meier (Chi)
Power Play
Predators - 0 on 2 Attempt(s) - 0.00%
Blackhawks - 3 on 7 Attempt(s) - 42.86%
Penalty Kill
Predators - 4 on 7 Attempt(s) - 57.14%
- Score 0 goal in Penalty Kill
Blackhawks - 2 on 2 Attempt(s) - 100.00%
- Score 0 goal in Penalty Kill
Team Stat
Predators - Hits : 18 - Faceoff Wins : 27 - Blocked Shots : 17 - Penalty Minutes : 14
Blackhawks - Hits : 23 - Faceoff Wins : 31 - Blocked Shots : 8 - Penalty Minutes : 4
Official
Referees : Brad Meier and Dan Kelly
Linesman : Michel Cormier and James Tobias
Game Notes
4:53 of 2nd period - Predators goal is going for a video replay. After video review, No Goal. The referee deems the play has been stopped, even if he had not physically had the opportunity to stop play by blowing his whistle.
Finance
Level 1 -- Attendance: 6000 (100.00%) -- Ticket Income $600,000
Level 2 -- Attendance: 5000 (100.00%) -- Ticket Income $350,000
Level 3 -- Attendance: 2000 (100.00%) -- Ticket Income $80,000
Level 4 -- Attendance: 3720 (93.00%) -- Ticket Income $111,600
Luxury Box -- Attendance: 983 (98.30%) -- Ticket Income $196,600
Game was played at the United Center.
Total Attendance: 17703 (98.35%)
Total Ticket Income: $1,338,200
Other Income: $200,730
Total Income: $1,538,930
Predators
5 vs 5 Forward
Center Left Wing Right Wing Time % Phy DF OF
1 Jack Eichel Claude Giroux Mikael Granlund 40 1 2 2
2 Andy Miele Jaden Schwartz Reilly Smith 30 1 2 2
3 Scott Laughton Alexander Ovechkin Mark Pysyk 20 1 2 2
4 Markus Granlund Nicolas Kerdiles Joel Armia 10 1 2 2
5 vs 5 Defense
Defense Defense Time % Phy DF OF
1 Ryan Mcdonagh Justin Faulk 40 1 2 2
2 John Moore Travis Dermott 30 1 2 2
3 Andreas Englund Morgan Rielly 20 1 2 2
4 Ryan Mcdonagh John Moore 10 1 2 2
PowerPlay Forward
Center Left Wing Right Wing Time % Phy DF OF
1 Jack Eichel Claude Giroux Mikael Granlund 60 1 1 3
2 Andy Miele Alexander Ovechkin Reilly Smith 40 1 1 3
PowerPlay Defense
Defense Defense Time % Phy DF OF
1 Ryan Mcdonagh Justin Faulk 60 1 2 2
2 John Moore Travis Dermott 40 1 2 2
Penalty Kill 4 Players Forward
Center Wing Time % Phy DF OF
1 Claude Giroux Mark Pysyk 60 1 2 2
2 Andy Miele Jaden Schwartz 40 1 2 2
Penalty Kill 4 Players Defense
Defense Defense Time % Phy DF OF
1 Ryan Mcdonagh Justin Faulk 60 1 2 2
2 John Moore Andreas Englund 40 1 2 2
Penalty Kill - 3 Players Forward
Forward Time % Phy DF OF
1 Mark Pysyk 60 1 2 2
2 Claude Giroux 40 1 2 2
Penalty Kill - 3 Players Defense
Defense Defense Time % Phy DF OF
1 Ryan Mcdonagh Justin Faulk 60 1 3 1
2 John Moore Andreas Englund 40 1 3 1
4 vs 4 Forward
Center Wing Time % Phy DF OF
1 Mikael Granlund Alexander Ovechkin 60 1 2 2
2 Jack Eichel Claude Giroux 40 1 2 2
4 vs 4 Defense
Defense Defense Time % Phy DF OF
1 Ryan Mcdonagh Justin Faulk 60 1 2 2
2 John Moore Travis Dermott 40 1 2 2
Last Minutes Offensive
Center Left Wing Right Wing Defense Defense
Jack Eichel Alexander Ovechkin Mikael Granlund Ryan Mcdonagh Justin Faulk
Last Minutes Defensive
Center Left Wing Right Wing Defense Defense
Andy Miele Claude Giroux Mark Pysyk Ryan Mcdonagh John Moore
Goaltenders
Starting : Andrei Vasilevskiy
Backup : Kari Lehtonen
Extra Forwards
Normal : Mark Pysyk, Reilly Smith, Alexander Ovechkin - PP : Mark Pysyk, Reilly Smith - PK : Mark Pysyk
Extra Defensemen
Normal : John Moore, Travis Dermott, Morgan Rielly - PP : Travis Dermott - PK : Andreas Englund, Travis Dermott
Penalty Shots
Claude Giroux, Mikael Granlund, Jaden Schwartz, Jack Eichel, Mark Pysyk
Custom OT Lines Forwards
Claude Giroux, Mikael Granlund, Jaden Schwartz, Jack Eichel, Mark Pysyk, Reilly Smith, Alexander Ovechkin, Andy Miele, Nicolas Kerdiles, Scott Laughton
Custom OT Lines Defensemen
Ryan Mcdonagh, John Moore, Justin Faulk, Andreas Englund, Morgan Rielly
Scratches
Anton Gustafsson (Healthy)
Blackhawks
5 vs 5 Forward
Center Left Wing Right Wing Time % Phy DF OF
1 Derek Stepan Timo Meier Mikko Rantanen 40 1 2 2
2 Erik Haula Antoine Roussel Jakob Silfverberg 30 1 2 2
3 William Karlsson Adrian Kempe Mike Amadio 20 1 2 2
4 Stefan Matteau Andrew Ladd Joe Pavelski 10 1 2 2
5 vs 5 Defense
Defense Defense Time % Phy DF OF
1 Radko Gudas Will Butcher 40 1 2 2
2 PK Subban Thomas Chabot 30 1 2 2
3 Robert Hagg Jakob Chychrun 20 1 2 2
4 Radko Gudas Will Butcher 10 1 2 2
PowerPlay Forward
Center Left Wing Right Wing Time % Phy DF OF
1 Derek Stepan Antoine Roussel Jakob Silfverberg 60 1 2 2
2 Erik Haula Adrian Kempe Mikko Rantanen 40 1 2 2
PowerPlay Defense
Defense Defense Time % Phy DF OF
1 Thomas Chabot Will Butcher 60 1 2 2
2 PK Subban Jakob Chychrun 40 1 2 2
Penalty Kill 4 Players Forward
Center Wing Time % Phy DF OF
1 Derek Stepan Mike Amadio 60 1 2 2
2 Erik Haula Antoine Roussel 40 1 2 2
Penalty Kill 4 Players Defense
Defense Defense Time % Phy DF OF
1 Radko Gudas Will Butcher 60 1 2 2
2 PK Subban Thomas Chabot 40 1 2 2
Penalty Kill - 3 Players Forward
Forward Time % Phy DF OF
1 Derek Stepan 60 1 2 2
2 Erik Haula 40 1 2 2
Penalty Kill - 3 Players Defense
Defense Defense Time % Phy DF OF
1 Radko Gudas Will Butcher 60 1 2 2
2 PK Subban Thomas Chabot 40 1 2 2
4 vs 4 Forward
Center Wing Time % Phy DF OF
1 Derek Stepan Antoine Roussel 60 1 2 2
2 Erik Haula Adrian Kempe 40 1 2 2
4 vs 4 Defense
Defense Defense Time % Phy DF OF
1 Radko Gudas Will Butcher 60 1 2 2
2 PK Subban Thomas Chabot 40 1 2 2
Last Minutes Offensive
Center Left Wing Right Wing Defense Defense
Derek Stepan Antoine Roussel Jakob Silfverberg Radko Gudas Will Butcher
Last Minutes Defensive
Center Left Wing Right Wing Defense Defense
Derek Stepan Antoine Roussel Jakob Silfverberg Radko Gudas Will Butcher
Goaltenders
Starting : Ilya Samsonov
Backup : Cam Ward
Extra Forwards
Normal : Erik Haula, Mike Amadio, Adrian Kempe - PP : Erik Haula, Mike Amadio - PK : Erik Haula
Extra Defensemen
Normal : Thomas Chabot, Robert Hagg, Jakob Chychrun - PP : Thomas Chabot - PK : Thomas Chabot, Robert Hagg
Penalty Shots
Jakob Silfverberg, Mikko Rantanen, Antoine Roussel, Derek Stepan, Erik Haula
Custom OT Lines Forwards
Jakob Silfverberg, Mikko Rantanen, Antoine Roussel, Derek Stepan, Erik Haula, Mike Amadio, Adrian Kempe, Timo Meier, William Karlsson, Joe Pavelski
Custom OT Lines Defensemen
Radko Gudas, Will Butcher, PK Subban, Thomas Chabot, Robert Hagg
Scratches
None
% Time on Ice - Predators
Lines # - Real PCT - Wanted PCT - Time Play
Normal Forward
1 - 35% - 40% - 15:59
2 - 28% - 30% - 12:45
3 - 19% - 20% - 8:46
4 - 18% - 10% - 8:22
Normal Defense
1 - 42% - 40% - 19:15
2 - 31% - 30% - 14:03
3 - 23% - 20% - 10:27
4 - 5% - 10% - 2:07
PP Forward
1 - 54% - 60% - 1:46
2 - 46% - 40% - 1:29
PP Defense
1 - 34% - 60% - 1:06
2 - 66% - 40% - 2:09
PK Forward
1 - 77% - 60% - 8:24
2 - 23% - 40% - 2:29
PK Defense
1 - 71% - 60% - 7:46
2 - 29% - 40% - 3:07
PK3 Forward
1 - 0% - 60%
2 - 0% - 40%
PK3 Defense
1 - 0% - 60%
2 - 0% - 40%
44 Forward
1 - 0% - 60%
2 - 0% - 40%
44 Defense
1 - 0% - 60%
2 - 0% - 40%
Last Minute Offensive - 0:00
Last Minute Defensive - 0:00
Total
Forward - 60:00
Defense - 60:00
|
% Time on Ice - Blackhawks
Lines # - Real PCT - Wanted PCT - Time Play
Normal Forward
1 - 34% - 40% - 15:30
2 - 26% - 30% - 11:46
3 - 22% - 20% - 9:55
4 - 19% - 10% - 8:41
Normal Defense
1 - 36% - 40% - 16:20
2 - 36% - 30% - 16:18
3 - 26% - 20% - 12:06
4 - 2% - 10% - 1:08
PP Forward
1 - 50% - 60% - 5:24
2 - 50% - 40% - 5:29
PP Defense
1 - 64% - 60% - 6:56
2 - 36% - 40% - 3:57
PK Forward
1 - 91% - 60% - 2:57
2 - 9% - 40% - 0:18
PK Defense
1 - 63% - 60% - 2:03
2 - 37% - 40% - 1:12
PK3 Forward
1 - 0% - 60%
2 - 0% - 40%
PK3 Defense
1 - 0% - 60%
2 - 0% - 40%
44 Forward
1 - 0% - 60%
2 - 0% - 40%
44 Defense
1 - 0% - 60%
2 - 0% - 40%
Last Minute Offensive - 0:00
Last Minute Defensive - 0:00
Total
Forward - 60:00
Defense - 60:00
|
Play-by-Play
1st period
0:01 of 1st period - Derek Stepan wins face-off versus Jack Eichel in neutral zone.
0:10 of 1st period - Snap shot by Derek Stepan.
0:10 of 1st period - Shot Blocked by Claude Giroux.
0:12 of 1st period - Slapshot by Derek Stepan.
0:12 of 1st period - Shot Misses the Net.
0:14 of 1st period - Snap shot by Mikko Rantanen.
0:14 of 1st period - Shot Blocked by Justin Faulk.
0:32 of 1st period - Ryan Mcdonagh is hit by Radko Gudas and loses puck.
0:54 of 1st period - Off-side.
0:55 of 1st period - William Karlsson wins face-off versus Andy Miele in neutral zone.
1:00 of 1st period - Snap shot by Adrian Kempe.
1:00 of 1st period - Shot Misses the Net.
1:33 of 1st period - Snap shot by Jaden Schwartz.
1:33 of 1st period - Shot Blocked by Thomas Chabot.
1:35 of 1st period - Wrist shot by Jaden Schwartz.
1:35 of 1st period - Stopped by Ilya Samsonov without a rebound.
1:36 of 1st period - Derek Stepan wins face-off versus Jack Eichel in Blackhawks zone.
2:26 of 1st period - Snap shot by Mark Pysyk.
2:26 of 1st period - Stopped by Ilya Samsonov with a rebound.
2:32 of 1st period - Wrist shot by Scott Laughton.
2:32 of 1st period - Deflect By Alexander Ovechkin.
2:32 of 1st period - Shot Misses the Net.
2:32 of 1st period - Puck is out of play.
2:33 of 1st period - Scott Laughton wins face-off versus Derek Stepan in Blackhawks zone.
2:40 of 1st period - Snap shot by Alexander Ovechkin.
2:40 of 1st period - Shot Misses the Net.
3:00 of 1st period - Andreas Englund is hit by Radko Gudas and loses puck.
3:07 of 1st period - Wrist shot by Jakob Silfverberg.
3:07 of 1st period - Stopped by Andrei Vasilevskiy without a rebound.
3:08 of 1st period - Jack Eichel wins face-off versus Joe Pavelski in Predators zone.
3:37 of 1st period - Wrist shot by Jakob Silfverberg.
3:37 of 1st period - Shot Misses the Net.
3:43 of 1st period - Backhand shot by Reilly Smith.
3:43 of 1st period - Stopped by Ilya Samsonov with a rebound.
4:53 of 1st period - Snap shot by Claude Giroux.
4:53 of 1st period - Shot Misses the Net.
4:55 of 1st period - Slapshot by Ryan Mcdonagh.
4:55 of 1st period - Stopped by Ilya Samsonov with a rebound.
5:05 of 1st period - Reilly Smith is hit by Erik Haula and loses puck.
5:32 of 1st period - Slapshot by Adrian Kempe.
5:32 of 1st period - Shot Misses the Net.
5:34 of 1st period - Slapshot by Robert Hagg.
5:34 of 1st period - Stopped by Andrei Vasilevskiy with a rebound.
5:54 of 1st period - Slapshot by Mark Pysyk.
5:54 of 1st period - Shot Misses the Net.
5:56 of 1st period - Wrist shot by Scott Laughton.
5:56 of 1st period - Shot Misses the Net.
5:58 of 1st period - Wrist shot by Mark Pysyk.
5:58 of 1st period - Stopped by Ilya Samsonov with a rebound.
6:00 of 1st period - Wrist shot by Andreas Englund.
6:00 of 1st period - Stopped by Ilya Samsonov with a rebound.
6:12 of 1st period - Wrist shot by Stefan Matteau.
6:12 of 1st period - Shot Misses the Net.
6:14 of 1st period - Snap shot by Andrew Ladd.
6:14 of 1st period - Stopped by Andrei Vasilevskiy with a rebound.
6:20 of 1st period - Slapshot by Andrew Ladd.
6:20 of 1st period - Shot Blocked by Travis Dermott.
6:22 of 1st period - Snap shot by Stefan Matteau.
6:22 of 1st period - Stopped by Andrei Vasilevskiy without a rebound.
6:23 of 1st period - Erik Haula wins face-off versus Markus Granlund in Predators zone.
6:50 of 1st period - John Moore is hit by PK Subban and loses puck.
6:59 of 1st period - Backhand shot by Mikko Rantanen.
6:59 of 1st period - Deflect By Derek Stepan.
6:59 of 1st period - Stopped by Andrei Vasilevskiy without a rebound.
7:00 of 1st period - Jakob Silfverberg wins face-off versus Jack Eichel in Predators zone.
8:14 of 1st period - Markus Granlund is hit by Stefan Matteau and loses puck.
9:28 of 1st period - Minor Penalty to Alexander Ovechkin for Tripping.
9:29 of 1st period - Claude Giroux wins face-off versus Derek Stepan in Predators zone.
11:28 of 1st period - Penalty to Alexander Ovechkin is over, Alexander Ovechkin is back on ice.
11:34 of 1st period - Wrist shot by Jack Eichel.
11:34 of 1st period - Shot Blocked by Radko Gudas.
12:04 of 1st period - Morgan Rielly is hit by Adrian Kempe and loses puck.
13:10 of 1st period - Adrian Kempe is hit by Justin Faulk.
14:54 of 1st period - Off-side.
14:55 of 1st period - Stefan Matteau wins face-off versus Jack Eichel in neutral zone.
14:58 of 1st period - Wrist shot by Thomas Chabot.
14:58 of 1st period - Shot Blocked by Claude Giroux.
15:00 of 1st period - Wrist shot by Thomas Chabot.
15:00 of 1st period - Deflect By Joe Pavelski.
15:00 of 1st period - Stopped by Andrei Vasilevskiy with a rebound.
15:02 of 1st period - Wrist shot by Andrew Ladd.
15:02 of 1st period - Stopped by Andrei Vasilevskiy without a rebound.
15:03 of 1st period - Derek Stepan wins face-off versus Jack Eichel in Predators zone.
15:10 of 1st period - Snap shot by Mikko Rantanen.
15:10 of 1st period - Shot Misses the Net.
15:12 of 1st period - Wrist shot by Timo Meier.
15:12 of 1st period - Goal by Timo Meier - Predators : 0 - Blackhawks : 1.
15:13 of 1st period - Derek Stepan wins face-off versus Jack Eichel in neutral zone.
15:17 of 1st period - Will Butcher is hit by Mikael Granlund and loses puck.
15:51 of 1st period - Wrist shot by Jaden Schwartz.
15:51 of 1st period - Shot Misses the Net.
16:15 of 1st period - Mark Pysyk is hit by Andrew Ladd.
16:25 of 1st period - Snap shot by Stefan Matteau.
16:25 of 1st period - Stopped by Andrei Vasilevskiy without a rebound.
16:26 of 1st period - Markus Granlund wins face-off versus Mike Amadio in Predators zone.
16:39 of 1st period - Wrist shot by Markus Granlund.
16:39 of 1st period - Deflect By Thomas Chabot.
16:39 of 1st period - Stopped by Ilya Samsonov with a rebound.
16:41 of 1st period - Slapshot by Morgan Rielly.
16:41 of 1st period - Shot Blocked by PK Subban.
17:18 of 1st period - Snap shot by Antoine Roussel.
17:18 of 1st period - Stopped by Andrei Vasilevskiy without a rebound.
17:19 of 1st period - Andy Miele wins face-off versus Erik Haula in Predators zone.
17:21 of 1st period - Double Minor Penalty to Reilly Smith for Slashing.
17:22 of 1st period - Claude Giroux wins face-off versus Derek Stepan in Predators zone.
17:36 of 1st period - Backhand shot by Jakob Silfverberg.
17:36 of 1st period - Stopped by Andrei Vasilevskiy without a rebound.
17:37 of 1st period - Derek Stepan wins face-off versus Claude Giroux in Predators zone.
17:42 of 1st period - Slapshot by Thomas Chabot.
17:42 of 1st period - Deflect By Derek Stepan.
17:42 of 1st period - Shot Misses the Net.
17:42 of 1st period - Puck is out of play.
17:43 of 1st period - Claude Giroux wins face-off versus Derek Stepan in Predators zone.
17:43 of 1st period - Claude Giroux is hit by Derek Stepan.
17:53 of 1st period - Slapshot by Will Butcher.
17:53 of 1st period - Shot Hit the Post.
18:00 of 1st period - Icing by Thomas Chabot.
18:01 of 1st period - Claude Giroux wins face-off versus Derek Stepan in Blackhawks zone.
18:04 of 1st period - Snap shot by Claude Giroux.
18:04 of 1st period - Stopped by Ilya Samsonov without a rebound.
18:05 of 1st period - Antoine Roussel wins face-off versus Claude Giroux in Blackhawks zone.
Goals for this period are 0 for Predators vs 1 for Blackhawks.
Shots for this period are 8 for Predators vs 11 for Blackhawks.
2nd period
0:01 of 2nd period - Claude Giroux wins face-off versus Derek Stepan in neutral zone.
0:08 of 2nd period - Wrist shot by Mark Pysyk.
0:08 of 2nd period - Shot Misses the Net.
0:16 of 2nd period - Backhand shot by Antoine Roussel.
0:16 of 2nd period - Shot Misses the Net.
1:21 of 2nd period - Penalty to Reilly Smith is over, Reilly Smith is back on ice.
1:50 of 2nd period - Off-side.
1:51 of 2nd period - William Karlsson wins face-off versus Andy Miele in neutral zone.
2:27 of 2nd period - Minor Penalty to Derek Stepan for Tripping.
2:28 of 2nd period - Erik Haula wins face-off versus Jack Eichel in Blackhawks zone.
2:28 of 2nd period - Erik Haula is hit by John Moore.
2:41 of 2nd period - Snap shot by Jack Eichel.
2:41 of 2nd period - Shot Misses the Net.
4:26 of 2nd period - Reilly Smith is hit by Adrian Kempe and loses puck.
4:27 of 2nd period - Penalty to Derek Stepan is over, Derek Stepan is back on ice.
4:37 of 2nd period - Snap shot by Derek Stepan.
4:37 of 2nd period - Stopped by Andrei Vasilevskiy without a rebound.
4:38 of 2nd period - Joel Armia wins face-off versus Derek Stepan in Predators zone.
4:45 of 2nd period - Snap shot by Markus Granlund.
4:45 of 2nd period - Stopped by Ilya Samsonov with a rebound.
4:49 of 2nd period - Wrist shot by Markus Granlund.
4:49 of 2nd period - Shot Misses the Net.
4:51 of 2nd period - Wrist shot by Markus Granlund.
4:51 of 2nd period - Shot Misses the Net.
4:53 of 2nd period - Slapshot by Andreas Englund.
4:53 of 2nd period - Deflect By Joel Armia.
4:53 of 2nd period - Predators goal is going for a video replay.
4:53 of 2nd period - The goal is refused. The referee deems the play has been stopped, even if he had not physically had the opportunity to stop play by blowing his whistle..
4:54 of 2nd period - Derek Stepan wins face-off versus Jack Eichel in Blackhawks zone.
5:03 of 2nd period - Wrist shot by Mikko Rantanen.
5:03 of 2nd period - Stopped by Andrei Vasilevskiy without a rebound.
5:04 of 2nd period - Jack Eichel wins face-off versus Derek Stepan in Predators zone.
5:04 of 2nd period - Jack Eichel is hit by Timo Meier.
5:18 of 2nd period - Snap shot by Derek Stepan.
5:18 of 2nd period - Shot Blocked by Justin Faulk.
5:20 of 2nd period - Wrist shot by Timo Meier.
5:20 of 2nd period - Stopped by Andrei Vasilevskiy without a rebound.
5:21 of 2nd period - Antoine Roussel wins face-off versus Andy Miele in Predators zone.
5:59 of 2nd period - Mikko Rantanen is hit by Jack Eichel and loses puck.
6:47 of 2nd period - Minor Penalty to Jaden Schwartz for Hooking.
6:48 of 2nd period - Derek Stepan wins face-off versus Claude Giroux in Predators zone.
6:51 of 2nd period - Wrist shot by Derek Stepan.
6:51 of 2nd period - Goal by Derek Stepan - Predators : 0 - Blackhawks : 2.
6:52 of 2nd period - Jack Eichel wins face-off versus Derek Stepan in neutral zone.
7:05 of 2nd period - Snap shot by Jack Eichel.
7:05 of 2nd period - Shot Misses the Net.
7:30 of 2nd period - Snap shot by Jakob Silfverberg.
7:30 of 2nd period - Stopped by Andrei Vasilevskiy with a rebound.
8:00 of 2nd period - Slapshot by Justin Faulk.
8:00 of 2nd period - Stopped by Ilya Samsonov with a rebound.
8:02 of 2nd period - Wrist shot by Justin Faulk.
8:02 of 2nd period - Stopped by Ilya Samsonov without a rebound.
8:03 of 2nd period - Stefan Matteau wins face-off versus Markus Granlund in Blackhawks zone.
8:03 of 2nd period - Stefan Matteau is hit by John Moore.
8:09 of 2nd period - Slapshot by Radko Gudas.
8:09 of 2nd period - Shot Blocked by Nicolas Kerdiles.
8:11 of 2nd period - Minor Penalty to John Moore for High sticking.
8:12 of 2nd period - Claude Giroux wins face-off versus Derek Stepan in Predators zone.
8:42 of 2nd period - Slapshot by Will Butcher.
8:42 of 2nd period - Shot Blocked by Jaden Schwartz.
8:49 of 2nd period - Icing by Will Butcher.
8:50 of 2nd period - Erik Haula wins face-off versus Claude Giroux in Blackhawks zone.
8:55 of 2nd period - Slapshot by Thomas Chabot.
8:55 of 2nd period - Shot Blocked by Claude Giroux.
9:39 of 2nd period - Slapshot by Adrian Kempe.
9:39 of 2nd period - Shot Misses the Net.
9:45 of 2nd period - Slapshot by Mikko Rantanen.
9:45 of 2nd period - Stopped by Andrei Vasilevskiy without a rebound.
9:46 of 2nd period - Derek Stepan wins face-off versus Andy Miele in Predators zone.
9:49 of 2nd period - Wrist shot by Antoine Roussel.
9:49 of 2nd period - Shot Misses the Net.
9:51 of 2nd period - Wrist shot by Derek Stepan.
9:51 of 2nd period - Goal by Derek Stepan - Predators : 0 - Blackhawks : 3.
9:52 of 2nd period - Andy Miele wins face-off versus Derek Stepan in neutral zone.
10:45 of 2nd period - Slapshot by Justin Faulk.
10:45 of 2nd period - Deflect By Jakob Silfverberg.
10:45 of 2nd period - Stopped by Ilya Samsonov without a rebound.
10:46 of 2nd period - Derek Stepan wins face-off versus Jack Eichel in Blackhawks zone.
11:46 of 2nd period - Jakob Silfverberg is hit by Justin Faulk and loses puck.
11:52 of 2nd period - Icing by Jakob Silfverberg.
11:53 of 2nd period - Andy Miele wins face-off versus Erik Haula in Blackhawks zone.
12:02 of 2nd period - John Moore is hit by PK Subban and loses puck.
12:40 of 2nd period - Nicolas Kerdiles is hit by Thomas Chabot and loses puck.
12:47 of 2nd period - William Karlsson is hit by Markus Granlund and loses puck.
12:58 of 2nd period - Minor Penalty to Justin Faulk for Slashing.
12:59 of 2nd period - Claude Giroux wins face-off versus Erik Haula in Predators zone.
12:59 of 2nd period - Claude Giroux is hit by Adrian Kempe.
14:58 of 2nd period - Penalty to Justin Faulk is over, Justin Faulk is back on ice.
15:27 of 2nd period - Will Butcher is hit by Travis Dermott and loses puck.
15:45 of 2nd period - Jakob Chychrun is hit by Scott Laughton and loses puck.
16:01 of 2nd period - Travis Dermott is hit by Thomas Chabot.
16:08 of 2nd period - Icing by Reilly Smith.
16:09 of 2nd period - Andy Miele wins face-off versus William Karlsson in Predators zone.
16:32 of 2nd period - Timo Meier is hit by Jaden Schwartz.
17:42 of 2nd period - Slapshot by Justin Faulk.
17:42 of 2nd period - Shot Blocked by Timo Meier.
17:49 of 2nd period - Snap shot by Mikko Rantanen.
17:49 of 2nd period - Shot Blocked by Justin Faulk.
17:51 of 2nd period - Wrist shot by Mikko Rantanen.
17:51 of 2nd period - Stopped by Andrei Vasilevskiy with a rebound.
18:03 of 2nd period - Slapshot by Jaden Schwartz.
18:03 of 2nd period - Shot Blocked by Thomas Chabot.
18:05 of 2nd period - Wrist shot by Reilly Smith.
18:05 of 2nd period - Shot Misses the Net.
18:40 of 2nd period - Will Butcher is hit by Nicolas Kerdiles and loses puck.
19:05 of 2nd period - Andreas Englund is hit by Radko Gudas and loses puck.
19:20 of 2nd period - Adrian Kempe is hit by Jaden Schwartz and loses puck.
19:29 of 2nd period - William Karlsson is hit by Andy Miele and loses puck.
19:56 of 2nd period - PK Subban is hit by Mikael Granlund and loses puck.
Goals for this period are 0 for Predators vs 2 for Blackhawks.
Shots for this period are 5 for Predators vs 8 for Blackhawks.
3rd period
0:01 of 3rd period - Derek Stepan wins face-off versus Jack Eichel in neutral zone.
0:01 of 3rd period - Derek Stepan is hit by Claude Giroux.
0:30 of 3rd period - Wrist shot by Antoine Roussel.
0:30 of 3rd period - Deflect By Erik Haula.
0:30 of 3rd period - Stopped by Andrei Vasilevskiy without a rebound.
0:31 of 3rd period - Andy Miele wins face-off versus Erik Haula in Predators zone.
0:46 of 3rd period - Wrist shot by Andy Miele.
0:46 of 3rd period - Shot Blocked by Thomas Chabot.
0:48 of 3rd period - Wrist shot by Andy Miele.
0:48 of 3rd period - Shot Misses the Net.
1:02 of 3rd period - Wrist shot by Alexander Ovechkin.
1:02 of 3rd period - Stopped by Ilya Samsonov with a rebound.
1:04 of 3rd period - Wrist shot by Alexander Ovechkin.
1:04 of 3rd period - Shot Blocked by Thomas Chabot.
1:06 of 3rd period - Slapshot by Ryan Mcdonagh.
1:06 of 3rd period - Shot Misses the Net.
1:08 of 3rd period - Backhand shot by Justin Faulk.
1:08 of 3rd period - Shot Misses the Net.
1:10 of 3rd period - Slapshot by Ryan Mcdonagh.
1:10 of 3rd period - Stopped by Ilya Samsonov without a rebound.
1:11 of 3rd period - Jack Eichel wins face-off versus Derek Stepan in Blackhawks zone.
1:26 of 3rd period - Snap shot by Jack Eichel.
1:26 of 3rd period - Stopped by Ilya Samsonov with a rebound.
1:28 of 3rd period - Snap shot by Ryan Mcdonagh.
1:28 of 3rd period - Stopped by Ilya Samsonov with a rebound.
1:38 of 3rd period - Reilly Smith is hit by Adrian Kempe and loses puck.
2:00 of 3rd period - Wrist shot by Travis Dermott.
2:00 of 3rd period - Deflect By Scott Laughton.
2:00 of 3rd period - Goal by Scott Laughton - Predators : 1 - Blackhawks : 3.
2:01 of 3rd period - Derek Stepan wins face-off versus Jack Eichel in neutral zone.
2:50 of 3rd period - Wrist shot by Mike Amadio.
2:50 of 3rd period - Deflect By Justin Faulk.
2:50 of 3rd period - Shot Blocked by Justin Faulk.
2:50 of 3rd period - Puck is out of play.
2:51 of 3rd period - Scott Laughton wins face-off versus William Karlsson in Predators zone.
2:53 of 3rd period - Icing by Travis Dermott.
2:54 of 3rd period - Scott Laughton wins face-off versus Derek Stepan in Predators zone.
3:21 of 3rd period - Slapshot by Scott Laughton.
3:21 of 3rd period - Shot Misses the Net.
3:45 of 3rd period - Backhand shot by Mark Pysyk.
3:45 of 3rd period - Stopped by Ilya Samsonov without a rebound.
3:46 of 3rd period - Derek Stepan wins face-off versus Jack Eichel in Blackhawks zone.
3:46 of 3rd period - Derek Stepan is hit by Ryan Mcdonagh.
3:53 of 3rd period - Off-side.
3:54 of 3rd period - Jack Eichel wins face-off versus Timo Meier in neutral zone.
3:59 of 3rd period - Wrist shot by Claude Giroux.
3:59 of 3rd period - Stopped by Ilya Samsonov without a rebound.
4:00 of 3rd period - Derek Stepan wins face-off versus Jack Eichel in Blackhawks zone.
4:09 of 3rd period - Wrist shot by Derek Stepan.
4:09 of 3rd period - Shot Misses the Net.
4:11 of 3rd period - Slapshot by Radko Gudas.
4:11 of 3rd period - Deflect By Mikael Granlund.
4:11 of 3rd period - Stopped by Andrei Vasilevskiy with a rebound.
4:23 of 3rd period - Minor Penalty to Claude Giroux for Tripping.
4:24 of 3rd period - Andy Miele wins face-off versus Derek Stepan in Predators zone.
4:57 of 3rd period - Justin Faulk is hit by Erik Haula and loses puck.
5:14 of 3rd period - Snap shot by Jack Eichel.
5:14 of 3rd period - Shot Misses the Net.
5:20 of 3rd period - Alexander Ovechkin is hit by Mikko Rantanen and loses puck.
5:29 of 3rd period - Snap shot by Mikko Rantanen.
5:29 of 3rd period - Stopped by Andrei Vasilevskiy with a rebound.
5:31 of 3rd period - Slapshot by Jakob Chychrun.
5:31 of 3rd period - Shot Misses the Net.
5:33 of 3rd period - Snap shot by Erik Haula.
5:33 of 3rd period - Deflect By Jack Eichel.
5:33 of 3rd period - Stopped by Andrei Vasilevskiy with a rebound.
5:35 of 3rd period - Wrist shot by Adrian Kempe.
5:35 of 3rd period - Goal by Adrian Kempe - Predators : 1 - Blackhawks : 4.
5:36 of 3rd period - Stefan Matteau wins face-off versus Jack Eichel in neutral zone.
5:45 of 3rd period - Snap shot by Joe Pavelski.
5:45 of 3rd period - Stopped by Andrei Vasilevskiy without a rebound.
5:46 of 3rd period - Stefan Matteau wins face-off versus Jack Eichel in Predators zone.
5:49 of 3rd period - Snap shot by Stefan Matteau.
5:49 of 3rd period - Deflect By Joe Pavelski.
5:49 of 3rd period - Stopped by Andrei Vasilevskiy with a rebound.
5:51 of 3rd period - Slapshot by Radko Gudas.
5:51 of 3rd period - Shot Misses the Net.
5:53 of 3rd period - Wrist shot by Stefan Matteau.
5:53 of 3rd period - Shot Blocked by Ryan Mcdonagh.
5:55 of 3rd period - Snap shot by Stefan Matteau.
5:55 of 3rd period - Deflect By Andrew Ladd.
5:55 of 3rd period - Shot Blocked by Mikael Granlund.
5:55 of 3rd period - Puck is out of play.
5:56 of 3rd period - Jack Eichel wins face-off versus Derek Stepan in Predators zone.
6:24 of 3rd period - Off-side.
6:25 of 3rd period - Andy Miele wins face-off versus Erik Haula in neutral zone.
6:42 of 3rd period - Slapshot by Erik Haula.
6:42 of 3rd period - Shot Blocked by Morgan Rielly.
8:54 of 3rd period - Wrist shot by Nicolas Kerdiles.
8:54 of 3rd period - Stopped by Ilya Samsonov without a rebound.
8:55 of 3rd period - Stefan Matteau wins face-off versus Markus Granlund in Blackhawks zone.
9:04 of 3rd period - Slapshot by Will Butcher.
9:04 of 3rd period - Shot Misses the Net.
9:06 of 3rd period - Slapshot by Joe Pavelski.
9:06 of 3rd period - Stopped by Andrei Vasilevskiy with a rebound.
9:22 of 3rd period - Wrist shot by Stefan Matteau.
9:22 of 3rd period - Stopped by Andrei Vasilevskiy without a rebound.
9:23 of 3rd period - Jack Eichel wins face-off versus Derek Stepan in Predators zone.
9:34 of 3rd period - Wrist shot by Jack Eichel.
9:34 of 3rd period - Shot Misses the Net.
10:15 of 3rd period - Morgan Rielly is hit by Adrian Kempe and loses puck.
10:27 of 3rd period - Off-side.
10:28 of 3rd period - Timo Meier wins face-off versus Markus Granlund in neutral zone.
10:33 of 3rd period - Slapshot by Thomas Chabot.
10:33 of 3rd period - Stopped by Andrei Vasilevskiy with a rebound.
11:00 of 3rd period - Reilly Smith is hit by Erik Haula and loses puck.
11:39 of 3rd period - Wrist shot by Derek Stepan.
11:39 of 3rd period - Shot Blocked by Morgan Rielly.
11:41 of 3rd period - Slapshot by PK Subban.
11:41 of 3rd period - Shot Misses the Net.
11:43 of 3rd period - Snap shot by Timo Meier.
11:43 of 3rd period - Stopped by Andrei Vasilevskiy with a rebound.
11:45 of 3rd period - Slapshot by Derek Stepan.
11:45 of 3rd period - Shot Blocked by Morgan Rielly.
11:47 of 3rd period - Snap shot by Mikko Rantanen.
11:47 of 3rd period - Shot Blocked by Morgan Rielly.
12:37 of 3rd period - Snap shot by Joe Pavelski.
12:37 of 3rd period - Stopped by Andrei Vasilevskiy without a rebound.
12:38 of 3rd period - Derek Stepan wins face-off versus Mikael Granlund in Predators zone.
12:39 of 3rd period - Snap shot by Mikko Rantanen.
12:39 of 3rd period - Shot Misses the Net.
12:41 of 3rd period - Slapshot by Derek Stepan.
12:41 of 3rd period - Stopped by Andrei Vasilevskiy without a rebound.
12:42 of 3rd period - Derek Stepan wins face-off versus Jack Eichel in Predators zone.
12:53 of 3rd period - Wrist shot by Claude Giroux.
12:53 of 3rd period - Stopped by Ilya Samsonov with a rebound.
12:58 of 3rd period - Radko Gudas is hit by Travis Dermott and loses puck.
13:33 of 3rd period - Wrist shot by Joe Pavelski.
13:33 of 3rd period - Shot Misses the Net.
13:35 of 3rd period - Slapshot by Robert Hagg.
13:35 of 3rd period - Stopped by Andrei Vasilevskiy with a rebound.
13:37 of 3rd period - Slapshot by Robert Hagg.
13:37 of 3rd period - Stopped by Andrei Vasilevskiy with a rebound.
13:39 of 3rd period - Wrist shot by Andrew Ladd.
13:39 of 3rd period - Stopped by Andrei Vasilevskiy with a rebound.
13:41 of 3rd period - Slapshot by Jakob Chychrun.
13:41 of 3rd period - Stopped by Andrei Vasilevskiy with a rebound.
14:00 of 3rd period - Off-side.
14:01 of 3rd period - Derek Stepan wins face-off versus Jack Eichel in neutral zone.
14:28 of 3rd period - Ryan Mcdonagh is hit by Jakob Silfverberg and loses puck.
14:51 of 3rd period - William Karlsson is hit by Mark Pysyk and loses puck.
15:22 of 3rd period - Snap shot by Mikael Granlund.
15:22 of 3rd period - Stopped by Ilya Samsonov with a rebound.
15:24 of 3rd period - Snap shot by Claude Giroux.
15:24 of 3rd period - Stopped by Ilya Samsonov with a rebound.
15:34 of 3rd period - Joel Armia is hit by Timo Meier and loses puck.
15:45 of 3rd period - Wrist shot by Mikko Rantanen.
15:45 of 3rd period - Shot Blocked by Nicolas Kerdiles.
18:29 of 3rd period - Slapshot by Mikko Rantanen.
18:29 of 3rd period - Stopped by Andrei Vasilevskiy without a rebound.
18:30 of 3rd period - Andy Miele wins face-off versus Erik Haula in Predators zone.
18:30 of 3rd period - Andy Miele is hit by Robert Hagg.
18:43 of 3rd period - Minor Penalty to Jakob Silfverberg for Interference.
18:44 of 3rd period - Derek Stepan wins face-off versus Andy Miele in Blackhawks zone.
18:58 of 3rd period - Wrist shot by Andy Miele.
18:58 of 3rd period - Shot Blocked by Will Butcher.
Goals for this period are 1 for Predators vs 1 for Blackhawks.
Shots for this period are 11 for Predators vs 18 for Blackhawks.